 Dungeon Crawl Stone Soup version 0.25-a0-156-g0c4bda3fdf (webtiles) character file.

Game seed: 15154648590810841326, levelgen mode: deterministic

51 Leeroy the Slasher (level 3, 0/29 HPs)
             Began as a Draconian Skald on Nov 20, 2019.
             Slain by an adder (3 damage)
             ... on level 2 of the Dungeon.
             The game lasted 00:01:50 (1463 turns).

Leeroy the Slasher (Draconian Skald)                Turns: 1463, Time: 00:01:51

Health: 0/29       AC:  8    Str: 13    XL:     3   Next: 58%
Magic:  6/6        EV: 18    Int: 13    God:
Gold:   45         SH:  0    Dex: 16    Spells: 5/6 levels left

rFire    . . .     SeeInvis .   a - +0 falchion
rCold    . . .     Gourm    .   (no shield)
rNeg     . . .     Faith    .   (armour unavailable)
rPois    .         Spirit   .   (helmet restricted)
rElec    .         Reflect  .   (no cloak)
rCorr    .         Harm     .   (no gloves)
MR       .....                  l - +2 pair of boots
Stlth    ++........             (no amulet)
HPRegen  0.09/turn              (no ring)
MPRegen  0.10/turn              (no ring)

@: agile, lethally poisoned (0 -> -6)
A: unfitting armour, cold-blooded, AC +5
a: no special abilities


You were on level 2 of the Dungeon.
You were not hungry.

You visited 1 branch of the dungeon, and saw 2 of its levels.

You collected 45 gold pieces.

Inventory:

Hand Weapons
 a - a +0 falchion (weapon)
Armour
 l - a +2 pair of boots (worn)
Wands
 k - a wand of scattershot (6)
Scrolls
 b - a scroll of teleportation {unknown}
 d - a scroll of fog {unknown}
 e - a scroll of fear {unknown}
 f - a scroll of blinking {unknown}
 g - a scroll of remove curse {unknown}
 i - a scroll of noise {unknown}
 n - a scroll of magic mapping {unknown}
Comestibles
 c - 6 rations
 j - 3 chunks of flesh


   Skills:
 - Level 2.1 Fighting
 + Level 4.0 Long Blades
 - Level 2.1 Dodging
 - Level 2.0 Spellcasting
 - Level 2.6 Charms


You had 5 spell levels left.
You knew the following spells:

 Your Spells              Type           Power        Failure   Level  Hunger
a - Infusion              Chrm           #...         9%          1    ##.....

Your spell library contained the following spells:

 Spells                   Type           Power        Failure   Level  Hunger
 Song of Slaying          Chrm           #.......     13%         2    ###....
 Shroud of Golubria       Chrm/Tloc      #.....       22%         2    ###....
 Regeneration             Chrm/Necr      #.........   41%         3    ####...
 Spectral Weapon          Hex/Chrm       #.......     41%         3    ####...


Dungeon Overview and Level Annotations

Branches:
Dungeon (2/15)

Altars:
Nemelex Xobeh


Innate Abilities, Weirdness & Mutations

Your plain brown scales are hard. (AC +5)
You cannot fit into any form of body armour.
You are cold-blooded and may be slowed by cold attacks.


Message History

The adder poisons you! The adder bites you.
* * * LOW HITPOINT WARNING * * *
You are lethally poisoned!
The adder poisons you!
Unknown command.
Okay, then.
You feel agile all of a sudden.
* * * LOW HITPOINT WARNING * * *
You feel sick. The adder misses you.
You barely miss the adder.
* * * LOW HITPOINT WARNING * * *
You feel sick. The adder misses you.
You riposte.
You hit the adder.
Your tail-slap misses the adder.
The adder is lightly wounded.
The adder bites you but does no damage.
You barely miss the adder. You tail-slap the adder.
The adder is moderately wounded.
* * * LOW HITPOINT WARNING * * *
You feel sick. The adder bites you.
You die...

####.#.#.#.........##≈≈≈≈≈
####...#.##.........#≈≈≈≈≈
#........##.........# ≈≈
####.######.........# #.#
#........>## #.#
##.##..#### #.######.##..#
#...)..#.##..# ≈≈
########@....# ≈≈≈
#S##..####≈≈≈
##.........≈≈≈
#..)....88≈≈≈≈
#.............
#.....).......
#.......88≈≈≈≈ ##
#.......#≈≈≈≈≈ #..
#.####..#≈≈≈≈≈


You could see an adder.

Vanquished Creatures
  2 adders (D:2)
  A worm (D:2)
  A dart slug (D:2)
  2 leopard geckos (D:2)
  2 bats (D:1)
  2 goblins (D:2)
  7 hobgoblins
  4 kobolds
  4 frilled lizards
  2 rats
27 creatures vanquished.

Notes
Turn   | Place    | Note
-------+----------+-------------------------------------------
     0 | D:1      | Leeroy the Draconian Skald began the quest for the Orb.
     0 | D:1      | Reached XP level 1. HP: 17/17 MP: 3/3
   613 | D:1      | Reached XP level 2. HP: 18/24 MP: 5/5
   919 | D:1      | Reached skill level 3 in Long Blades
  1108 | D:2      | Found a sparkling altar of Nemelex Xobeh.
  1119 | D:2      | Reached XP level 3. HP: 27/29 MP: 6/6
  1322 | D:2      | Reached skill level 4 in Long Blades
  1463 | D:2      | Slain by an adder

Levels and vault maps discovered:
D:1:      evilmike_arrival_hilbert_curve, layout_basic
D:2:      wander_river, layout_basic, overflow_temple_1_default,
          overflow_temple_1_default

Skill      XL: |  1  2  3 |
---------------+----------+-----
Long Blades    | 3 4 |  4.0
Fighting       | |  2.1
Dodging        | |  2.1
Spellcasting   | |  2.0
Charms         | |  2.6

Action                   || total
-------------------------++-------
Melee: Falchion          ||   102
       Tailslap          ||     1
  Use: Potion            ||     3
  Eat: Chunk             ||     2
Armor: Skin              ||    34
Dodge: Dodged            ||    76
       Rpst.: Falchion   ||    30

Table legend:
 A = Non-vault XP
 B = Vault XP
 C = Vault XP percentage of total XP
 D = Non-vault monster count
 E = Vault monster count
 F = Vault count percentage of total count
                 A         B        C        D         E       F
            +---------+---------+-------+---------+---------+-------
      Total |      74 |       0 |   0.0 |      27 |       0 |   0.0
            +---------+---------+-------+---------+---------+-------
        D:1 |      21 |       0 |   0.0 |      13 |       0 |   0.0
        D:2 |      53 |       0 |   0.0 |      14 |       0 |   0.0
            +---------+---------+-------+---------+---------+-------
